 Dungeon Crawl Stone Soup version 0.29.1-1-gd02db6906a (webtiles) character file.

Game seed: 17847495740117914140

94 Doomgape the Insei (level 4, 0/32 HPs)
             Began as a Demonspawn Transmuter on Sept 16, 2022.
             Slain by an orc wizard
             ... wielding a +0 dagger
              (3 damage)
             ... on level 4 of the Dungeon.
             The game lasted 00:09:29 (2769 turns).

Doomgape the Insei (Demonspawn Transmuter)          Turns: 2769, Time: 00:09:29

Health: 0/32       AC:  5    Str: 12    XL:     4   Next: 38%
Magic:  7/7        EV: 11    Int: 15    God:
Gold:   192        SH:  0    Dex: 13    Spells: 3/7 levels left

rFire   + . .      SeeInvis .   p - +9 short sword of Peril {freeze, rPois rF+}
rCold   + . .      Faith    .   (no shield)
rNeg    . . .      Spirit   .   r - +0 leather armour
rPois   +          Reflect  .   (helmet restricted)
rElec   .          Harm     .   (no cloak)
rCorr   .          Rampage  .   (no gloves)
Will    .....                   (no boots)
Stlth   +.........              e - amulet of regeneration
HPRegen 0.90/turn               o - ring of protection from cold
MPRegen 0.10/turn               (no ring)

@: no status effects
A: antennae 1, icy blue scales 1
a: no special abilities


You were on level 4 of the Dungeon.
You visited 1 branch of the dungeon, and saw 4 of its levels.

You collected 192 gold pieces.

Inventory:

Hand Weapons
 p - the +9 short sword of Peril (weapon) {freeze, rPois rF+}
   (You found it on level 3 of the Dungeon)

   It freezes those it strikes, dealing additional cold damage.
   It can also slow down cold-blooded creatures.
   rF:        It protects you from fire.
   rPois:     It protects you from poison.
Armour
 a - a +0 robe
 r - a +0 leather armour (worn)
Jewellery
 e - an amulet of regeneration (around neck)
 k - a ring of fire
 o - a ring of protection from cold (left hand)
 s - a +6 ring of strength
Scrolls
 d - a scroll of enchant weapon
 g - a scroll of immolation
 j - a scroll of amnesia
 l - a scroll of identify
 q - 2 scrolls of summoning {unknown}
Potions
 b - 2 potions of lignification
 c - a potion of brilliance {unknown}
 f - 2 potions of attraction {unknown}
 h - 3 potions of heal wounds
 i - a potion of curing {unknown}
 m - a potion of cancellation {unknown}
 n - 2 potions of mutation {unknown}


   Skills:
 - Level 1.0 Fighting
 - Level 1.7 Dodging
 + Level 0.5 Stealth
 + Level 4.0 Unarmed Combat
 - Level 2.0 Spellcasting
 + Level 3.0 Transmutations


You had 3 spell levels left.
You knew the following spells:

 Your Spells              Type           Power      Damage    Failure   Level
a - Beastly Appendage     Tmut           20%        N/A       9%          1
b - Spider Form           Tmut/Pois      6%         N/A       41%         3

Your spell library contained the following spells:

 Spells                   Type           Power      Damage    Failure   Level
 Wereblood                Tmut           10%        N/A       12%         2
 Passwall                 Tmut/Erth      5%         N/A       22%         2
 Ensorcelled Hibernation  Hex/Ice        2%         N/A       38%         2
 Sublimation of Blood     Necr           1%         N/A       38%         2
 Confusing Touch          Hex            1%         N/A       63%         3
 Swiftness                Air            1%         N/A       63%         3
 Ice Form                 Ice/Tmut       6%         N/A       83%         4
 Yara's Violent Unravell  Hex/Tmut       3%         3d4       99%         5
 Enfeeble                 Hex            0%         N/A       100%        7
 Summon Hydra             Summ           0%         N/A       100%        7


Dungeon Overview and Level Annotations

Branches:
Dungeon (4/15)
 Temple: D:4-7

Altars:

Shops:
D:1 =


Innate Abilities, Weirdness & Mutations

You have a pair of small antennae on your head.
You are partially covered in icy blue scales. (AC +2)


Message History

The orc closely misses you. The orc barely misses you.
You barely miss the orc.
The orc is almost dead.
The orc closely misses you.
You hit the orc. You freeze the orc.
You kill the orc!
Your Unarmed Combat skill increases to level 4!
You hit the orc priest. You freeze the orc priest.
The orc priest is severely wounded.
The orc priest looks braver for a moment.
The orc wizard closely misses you.
Things that are here:
a +0 hand axe; a +0 leather armour; an orc corpse You hit the orc priest.
You freeze the orc priest.
The orc priest is almost dead.
The orc priest invokes the aid of Beogh against you.
Beogh smites you! The orc wizard barely misses you.
You barely miss the orc priest.
The orc priest is almost dead.
The orc priest barely misses you.
The orc wizard points at you and mumbles some strange words.
The puff of flame hits you. You resist.
You barely miss the orc priest.
The orc priest is almost dead.
The orc priest invokes the aid of Beogh against you.
Pain shoots through your body!
* * * LOW HITPOINT WARNING * * *
The orc wizard casts a spell at you. The puff of flame hits you. You resist.
* * * LOW HITPOINT WARNING * * *
You barely miss the orc priest.
The orc priest is almost dead.
The orc priest looks braver for a moment.
The orc wizard hits you but does no damage.
You barely miss the orc priest.
The orc priest is almost dead.
The orc priest hits you with a +0 club.
* * * LOW HITPOINT WARNING * * *
The orc wizard hits you with a +0 dagger.
You die...

...## .... ..#. .....
... ...... ..# #......
.. .(.....
.#####.##.......
.......o.[......
#...@........ .)....
#.##.o....... ...... ##
#†........
......####.###.#.......
..........#..#......#
.... #.......#....## ..
#..####............
....##†#.#.......##....
#.....).........# ###.


You could see an orc priest and an orc wizard.

Vanquished Creatures
  An iguana (D:3)
  An adder (D:3)
  2 worms (D:2)
  A dart slug (D:4)
  3 orcs
  5 bats
  5 endoplasms
  5 giant cockroaches
  6 hobgoblins
  6 kobolds
  6 ball pythons
  A frilled lizard (D:3)
  3 rats (D:2)
45 creatures vanquished.

Notes
Turn   | Place    | Note
-------+----------+-------------------------------------------
     0 | D:1      | Doomgape the Demonspawn Transmuter began the quest for the
                  | Orb.
     0 | D:1      | Reached XP level 1. HP: 15/15 MP: 3/3
   546 | D:1      | Reached skill level 3 in Unarmed Combat
   578 | D:1      | You fall into a shaft and drop 1 floor!
   637 | D:1      | Found Bumamatt's Jewellery Emporium.
   751 | D:1      | Lost mutation: You have a pair of horns on your head.
                  | [demonic ancestry]
   751 | D:1      | Lost mutation: You have a pair of small horns on your head.
                  | [demonic ancestry]
   751 | D:1      | Gained mutation: You have a pair of small antennae on your
                  | head. [demonic ancestry]
   751 | D:1      | Reached XP level 2. HP: 21/21 MP: 3/5
  1563 | D:2      | Reached XP level 3. HP: 25/26 MP: 4/6
  1676 | D:2      | Learned a level 3 spell: Spider Form
  2018 | D:3      | Found a faded altar of an unknown god.
  2332 | D:3      | Identified the +9 short sword of Peril {freeze, rPois rF+}
  2704 | D:3      | Gained mutation: You are partially covered in icy blue
                  | scales. (AC +2) [demonic ancestry]
  2704 | D:3      | Reached XP level 4. HP: 22/32 MP: 7/7
  2763 | D:4      | Reached skill level 4 in Unarmed Combat
  2769 | D:4      | Slain by an orc wizard

Illustrated notes

Levels and vault maps discovered:
D:1:      tarquinn_simple_flora_water_d, layout_loops_ring, serial_shops,
          nicolae_shop_crystal
D:2:      layout_rooms
D:3:      layout_rooms, shapermc_ecumenical_altar_mp_ritualfount,
          minmay_misc_feat_x, minmay_misc_feat_encased, grunt_ministairs_12,
          nicolae_kite_square_tiling_tiny
D:4:      layout_cave_pools, minmay_temple_entry_grid

Skill      XL: |  1  2  3  4 |
---------------+-------------+-----
Unarmed Combat | 3 4 |  4.0
Transmutations | 2 3 |  3.0
Fighting       | |  1.0
Dodging        | |  1.7
Stealth        | |  0.5
Spellcasting   | |  2.0

Action                   |  1- 3 |  4- 6 || total
-------------------------+-------+-------++-------
Melee: Unarmed           |   107 |       ||   107
       Kick              |    15 |       ||    15
       Headbutt          |     1 |       ||     1
       Short sword       |    15 |    26 ||    41
       Punch             |     1 |       ||     1
 Cast: Beastly Appendage |    26 |       ||    26
  Use: Scroll            |    10 |       ||    10
Armor: Robe              |    20 |       ||    20
       Leather armour    |     1 |     7 ||     8
Dodge: Dodged            |    54 |    15 ||    69
